 Dungeon Crawl Stone Soup version 0.28-a0-382-g33c4956463 (webtiles) character file.

Game seed: 16646134025632101986

774 McIrco the Chopper (level 7, -1/61 HPs)
             Began as a Minotaur Fighter on Sept 2, 2021.
             Slain by Edmund (13 damage)
             ... on level 4 of the Dungeon.
             The game lasted 00:03:37 (4363 turns).

McIrco the Chopper (Minotaur Fighter)               Turns: 4363, Time: 00:03:37

Health: -1/61      AC: 10    Str: 22    XL:     7   Next: 53%
Magic:  6/6        EV: 10    Int:  5    God:
Gold:   202        SH:  5    Dex: 10    Spells: 6/6 levels left

rFire   + . .      SeeInvis .   a - +0 war axe
rCold   + . .      Faith    .   c - +0 buckler
rNeg    . . .      Spirit   .   b - +0 scale mail
rPois   .          Reflect  .   (helmet restricted)
rElec   .          Harm     .   n - scarf {rC+ rF+}
rCorr   .          Rampage  .   j - +0 pair of gloves
Will    .....                   t - +0 pair of boots
Stlth   ..........              (no amulet)
HPRegen 0.20/turn               (no ring)
MPRegen 0.10/turn               (no ring)

@: mighty, attractive
A: horns 2, retaliatory headbutt
a: no special abilities


You were on level 4 of the Dungeon.
You visited 2 branches of the dungeon, and saw 6 of its levels.

You collected 202 gold pieces.

Inventory:

Hand Weapons
 a - a +0 war axe (weapon)
Armour
 b - a +0 scale mail (worn)
 c - a +0 buckler (worn)
 j - a +0 pair of gloves (worn)
 n - a scarf of resistance (worn)
 t - a +0 pair of boots (worn)
Jewellery
 o - a ring of magical power
Scrolls
 f - a scroll of immolation {unknown}
 g - a scroll of enchant weapon {unknown}
 h - 5 scrolls of identify {unknown}
 i - a scroll of vulnerability {unknown}
 l - a scroll of summoning {unknown}
 m - a scroll of noise {unknown}
 p - a scroll of amnesia {unknown}
 u - 4 scrolls of fear {unknown}
 x - a scroll of teleportation {unknown}
Potions
 e - 2 potions of curing
 k - a potion of degeneration {unknown}
 q - 2 potions of ambrosia {unknown}
 r - 3 potions of attraction
 s - a potion of magic {unknown}
 v - 2 potions of heal wounds {unknown}
 z - a potion of berserk rage {unknown}
Miscellaneous
 w - a lightning rod (4/4) (quivered)


   Skills:
 + Level 5.3 Fighting
 + Level 6.6 Axes
 + Level 6.2 Armour
 + Level 2.1 Dodging
 + Level 0.4 Stealth
 + Level 5.1 Shields


You had 6 spell levels left.
You didn't know any spells.
Your spell library contained the following spells:

 Spells                   Type           Power      Damage    Failure   Level
 Malign Gateway           Summ/Tloc      0%         N/A       100%        7
 Summon Horrible Things   Summ           0%         N/A       100%        8


Dungeon Overview and Level Annotations

Branches:
Dungeon (5/15)             Temple (1/1) D:4

Altars:
Cheibriados
Dithmenos
Hepliaklqana
Nemelex Xobeh
Okawaru
Qazlal
Ru
Sif Muna
Vehumet
Xom
Yredelemnul
The Shining One

Annotations:
D:4 Edmund


Innate Abilities, Weirdness & Mutations

You have a pair of horns on your head.
You reflexively headbutt those who attack you in melee.


Message History

You barely miss Edmund. The gnoll hits you with a +0 halberd.
Edmund grinds his teeth, and then sighs.
Edmund hits you with a +3 dire flail of protection!
The gnoll hits you but does no damage.
You hit the gnoll. Your headbutt misses the gnoll.
The gnoll is severely wounded.
Your scale mail prevents you from hitting Edmund.
Edmund completely misses you. The gnoll hits you with a +0 halberd!
You feel very mighty all of a sudden.
Edmund hits you with a +3 dire flail of protection.
The gnoll hits you but does no damage.
You slash Edmund!
Edmund is moderately wounded.
You slash the gnoll!
You kill the gnoll!
Edmund hits you with a +3 dire flail of protection!
* * * LOW HITPOINT WARNING * * *
You closely miss Edmund.
Edmund is moderately wounded.
Edmund hits you with a +3 dire flail of protection.
* * * LOW HITPOINT WARNING * * *
It was a potion of curing.
You feel better.
Edmund hits you with a +3 dire flail of protection.
* * * LOW HITPOINT WARNING * * *
It was a potion of attraction.
You feel attractive to monsters. Edmund barely misses you.
You furiously retaliate!
You headbutt Edmund. You closely miss Edmund. You headbutt Edmund!
Edmund is severely wounded.
Edmund hits you but does no damage.
Edmund hits you with a +3 dire flail of protection!
* * * LOW HITPOINT WARNING * * *
You feel better. Edmund barely misses you.
You hit Edmund. You headbutt Edmund!
Edmund is almost dead.
You block Edmund's attack.
You closely miss Edmund. Your headbutt misses Edmund.
Edmund is almost dead.
Edmund hits you with a +3 dire flail of protection!
You die...

#.........#..........##
###....##.##.#.......##
#...........##......#
#...##.##....###....<
###.##.##.##.######..
#.##....##.........
#.##.....########..
#..@.###.....## #..
#.@).# #####..###..
#...)# #.........
#....# #.........
#....# #.........
#....# #.........
#....# #.....)...
#....# #.........
#....# #.........
#....# #.........


You could see Edmund.

Vanquished Creatures
  An ice beast (D:3)
  A sky beast (D:4)
  A necrophage (D:4)
  A centaur (D:4)
  A phantom (D:4)
  A scorpion (D:4)
  Crazy Yiuf (D:2)
  Natasha (thrice) (D:3)
  7 gnolls
  5 adders
  2 worms
  A dart slug (D:3)
  5 orcs
  8 bats
  3 endoplasms
  4 hobgoblins
  11 kobolds
  2 quokkas
  8 ball pythons
  4 frilled lizards
  6 goblins
  4 rats
  A spectral hobgoblin (D:3)
81 creatures vanquished.

Vanquished Creatures (others)
  A plant (D:2)
1 creature vanquished.

Grand Total: 82 creatures vanquished

Notes
Turn   | Place    | Note
-------+----------+-------------------------------------------
     0 | D:1      | McIrco the Minotaur Fighter began the quest for the Orb.
     0 | D:1      | Reached XP level 1. HP: 19/19 MP: 0/0
    91 | D:1      | Reached XP level 2. HP: 24/27 MP: 1/1
   573 | D:2      | Found a glowing golden altar of the Shining One.
   600 | D:2      | Reached XP level 3. HP: 29/33 MP: 2/2
   649 | D:2      | Found a runed translucent door.
   650 | D:2      | Noticed Crazy Yiuf
  1607 | D:2      | Killed Crazy Yiuf
  1644 | D:3      | Reached XP level 4. HP: 37/40 MP: 3/3
  1956 | D:3      | Noticed Natasha
  1963 | D:3      | Killed Natasha
  1964 | D:3      | Reached XP level 5. HP: 25/47 MP: 4/4
  1987 | D:3      | Noticed Natasha
  1992 | D:3      | Killed Natasha
  2125 | D:3      | Noticed Natasha
  2137 | D:3      | Killed Natasha
  2379 | D:3      | Found a faded altar of an unknown god.
  2477 | D:3      | Found a sacrificial altar of Ru.
  2478 | D:3      | Noticed an ice beast
  2492 | D:3      | Killed an ice beast
  2493 | D:3      | Reached skill level 5 in Axes
  2493 | D:3      | Reached skill level 5 in Armour
  2493 | D:3      | Reached XP level 6. HP: 11/53 MP: 5/5
  2921 | D:3      | Reached skill level 1 in Dodging
  3175 | D:4      | Reached skill level 5 in Fighting
  3178 | D:4      | Reached XP level 7. HP: 37/61 MP: 6/6
  3443 | D:4      | Found an iron altar of Okawaru.
  3473 | D:4      | Reached skill level 5 in Shields
  3670 | D:4      | Found a staircase to the Ecumenical Temple.
  3677 | Temple   | Entered the Ecumenical Temple
  3982 | D:5      | Entered Level 5 of the Dungeon
  3983 | D:5      | Noticed Edmund
  4363 | D:4      | Slain by Edmund

Illustrated notes

Levels and vault maps discovered:
D:1:      lightli_arrival_chessboard, layout_rooms
D:2:      cheibrodos_old_hovel, layout_loops_ring, serial_aquarium,
          aquarium_bridge_square [aquarium_subvault_bridge,
          aquarium_subvault_wall, aquarium_subvault_wall,
          aquarium_subvault_bridge], aquarium_bridge_square
          [aquarium_subvault_balcony, aquarium_subvault_window,
          aquarium_subvault_bridge, aquarium_subvault_wall], aquarium_window_1,
          aquarium_window_3, aquarium_window_1, aquarium_window_corner,
          aquarium_view_2b, basic_altar, uniq_crazy_yiuf_cottage
D:3:      minmay_octagon_keep, layout_rooms, mainiacjoe_overflow_24_doors,
          dreamdust_ecumenical_altar_drowned_temple, uniq_natasha
D:4:      layout_rooms, mainiacjoe_overflow_alcove_1,
          minmay_temple_entry_enclosed_plants
D:5:      layout_basic, fedhas_ov_isle_minmay, uniq_edmund
Temple:   dpeg_chambers_temple

Skill      XL: |  1  2  3  4  5  6  7 |
---------------+----------------------+-----
Armour         | 4 5 6 |  6.2
Shields        | 4 5 |  5.1
Fighting       | 4 5 |  5.3
Axes           | 3 4 5 6 |  6.6
Dodging        | 1 2 |  2.1
Stealth        | |  0.4

Action                   |  1- 3 |  4- 6 |  7- 9 || total
-------------------------+-------+-------+-------++-------
Melee: War axe           |    72 |    97 |    41 ||   210
       Headbutt          |     9 |     9 |     8 ||    26
  Use: Potion            |       |       |     5 ||     5
Armor: Scale mail        |    42 |    57 |    25 ||   124
Dodge: Dodged            |    37 |    66 |    25 ||   128
Block: Buckler           |    28 |    26 |    12 ||    66

Table legend: (Time is in decaauts)
 A = Elapsed time spent in this place.
 B = Non-inter-level travel time spent in this place.
 C = Inter-level travel time spent in this place.
 D = Time resting spent in this place.
 E = Time spent auto-exploring this place.
 F = Levels seen in this place.
 G = Mean time per level.
                   A        B        C        D        E       F      G
               +--------+--------+--------+--------+--------+-----+--------+
         Total |   4442 |   4275 |    167 |    804 |   2887 |   6 |  740.3 |
       Dungeon |   4219 |   4075 |    144 |    804 |   2696 |   5 |  843.8 |
        Temple |    222 |    199 |     23 |      0 |    191 |   1 |  222.0 |
               +--------+--------+--------+--------+--------+-----+--------+

Top non-repeatable levels by time:
     D:3: 1442 daAuts
     D:4: 1093 daAuts
     D:2: 1076 daAuts
     D:1: 580 daAuts
  Temple: 222 daAuts
     D:5: 27 daAuts
